 Dungeon Crawl Stone Soup version 0.27-a0-1188-g73eefd5def (webtiles) character file.

Game seed: 12593603883429917632

619547 Delamore the Hoplite (level 27, -3/207 HPs)
             Began as a Gargoyle Fighter on May 22, 2021.
             Was the Champion of Okawaru.
             Slain by an Orb Guardian (11 damage)
             ... on level 5 of the Realm of Zot.
             The game lasted 01:32:47 (56921 turns).

Delamore the Hoplite (Gargoyle Fighter)            Turns: 56921, Time: 01:32:47

Health: -3/207     AC: 54    Str: 28    XL:     27
Magic:  37/37      EV:  4    Int: 12    God:    Okawaru [******]
Gold:   3361       SH:  0    Dex:  9    Spells: 41/46 levels left

rFire    + + +     SeeInvis +   V - +9 eveningstar (vamp)
rCold    + + +     Faith    .   j - +7 tower shield {AC+3}
rNeg     + + +     Spirit   .   G - +2 plate armour {Will+}
rPois    ∞         Reflect  .   m - +0 helmet of Autumn {Rampage rC+++}
rElec    +         Harm     .   C - +1 cloak "Olixef" {Rampage rC+ rCorr SInv}
rCorr    +         Rampage  +   o - +1 pair of gloves "Plog" {+Blink rF+ rN++ Will+}
Will     +++++     Clarity  +   r - +3 pair of boots of Sunlight {rN+}
Stlth    ..........             u - amulet of the Four Winds {rN+ Will+++ Clar}
HPRegen  0.44/turn              M - ring of the Saviour {rF+ rN+}
MPRegen  0.25/turn              h - ring of protection from fire

@: flying, held, studying 3 skills
A: sickness immunity, AC +20, big wings, negative energy resistance 1,
electricity resistance, torment resistance 1, petrification resistance, sense
surroundings 1, robust 1, weak 1
}: 3/15 runes: barnacled, silver, gossamer
a: Renounce Religion, Evoke Blink, Heroism, Finesse


You were on level 5 of the Realm of Zot.
You worshipped Okawaru.
Okawaru was exalted by your worship.
You visited 10 branches of the dungeon, and saw 50 of its levels.
You also visited: Ossuary, Gauntlet and Ice Cave.

You collected 7675 gold pieces.
You spent 4314 gold pieces at shops.

Inventory:

Hand Weapons
 V - a +9 vampiric eveningstar (weapon)
 Y - the +8 eveningstar of the Postmodern Knives {freeze, Dex+2}
   (Okawaru gifted it to you on level 1 of the Lair of Beasts)

   It has been specially enchanted to freeze those struck by it, causing extra
   injury to most foes and up to half again as much damage against particularly
   susceptible opponents.
   It can also slow down cold-blooded creatures.
   It affects your dexterity (+2).
Missiles
 q - 7 throwing nets
 K - 28 silver javelins (quivered)
 Q - 98 javelins
Armour
 j - a +7 tower shield of protection (worn)
 m - the +0 helmet of Autumn (worn) {Rampage rC+++}
   (You acquired it on level 3 of the Lair of Beasts)

   It renders you almost immune to cold.
   It bestows one free step when moving towards enemies.
 o - the +1 pair of gloves "Plog" (worn) {+Blink rF+ rN++ Will+}
   (You acquired it on level 5 of the Vaults)

   It protects you from fire.
   It greatly protects you from negative energy.
   It lets you blink.
   It increases your willpower.
 r - the +3 pair of boots of Sunlight (worn) {rN+}
   (Okawaru gifted it to you on level 1 of the Depths)

   It protects you from negative energy.
 B - a +2 pair of boots of rampaging
 C - the +1 cloak "Olixef" (worn) {Rampage rC+ rCorr SInv}
   (You found it in a Gauntlet)

   It protects you from cold.
   It lets you see invisible.
   It protects you from acid and corrosion.
   It bestows one free step when moving towards enemies.
 G - a +2 plate armour of willpower (worn)
 J - the +4 dragonskin cloak
   (You took it off Tiamat on level 3 of the Realm of Zot)
Jewellery
 h - a ring of protection from fire (right hand)
 i - an amulet of magic regeneration
 u - the amulet of the Four Winds (around neck) {rN+ Will+++ Clar}
   (You found it on level 2 of the Shoals)

   [amulet of nothing]

   It protects you from negative energy.
   It protects you against confusion.
   It greatly increases your willpower.
 v - the ring of Feanerio {rF+ rC+ Str-2 Int+3}
   (You found it on level 4 of the Depths)

   [ring of protection from fire]

   It affects your strength (-2).
   It affects your intelligence (+3).
   It protects you from fire.
   It protects you from cold.
 w - a ring of wizardry
 M - the ring of the Saviour (left hand) {rF+ rN+}
   (You bought it in a shop on level 2 of the Orcish Mines)

   [ring of protection from fire]

   It protects you from fire.
   It protects you from negative energy.
Wands
 f - a wand of acid (46)
 x - a wand of digging (4)
 F - a wand of iceblast (102)
Scrolls
 a - 31 scrolls of identify
 e - 7 scrolls of noise
 g - 23 scrolls of teleportation
 l - 6 scrolls of silence
 n - 11 scrolls of magic mapping
 s - 5 scrolls of immolation
 E - 8 scrolls of fear
 O - 4 scrolls of enchant weapon
 U - 4 scrolls of summoning
 W - 6 scrolls of fog
 X - 2 scrolls of brand weapon
Potions
 b - 2 potions of magic
 d - 10 potions of might
 k - 7 potions of mutation
 p - 6 potions of brilliance
 t - 8 potions of heal wounds
 z - 8 potions of haste
 A - 29 potions of curing
 H - 6 potions of cancellation
 I - 5 potions of ambrosia
 P - 2 potions of berserk rage
Miscellaneous
 c - a phantom mirror
 D - a tin of tremorstones (2/2)
 N - a condenser vane


   Skills:
 + Level 23.8 Fighting
 - Level 20.0 Maces & Flails
 - Level 20.0 Throwing
 - Level 15.0 Armour
 - Level 25.0 Shields
 - Level 10.0 Spellcasting
 - Level 10.0 Translocations
 - Level 10.0 Invocations
 - Level 10.0 Evocations


You had 41 spell levels left.
You knew the following spells:

 Your Spells              Type           Power      Damage    Failure   Level
a - Blink                 Tloc           N/A        N/A       1%          2
b - Lesser Beckoning      Tloc           15%        N/A       3%          3

Your spell library contained the following spells:

 Spells                   Type           Power      Damage    Failure   Level
 Apportation              Tloc           60%        N/A       1%          1
 Gell's Gravitas          Tloc           15%        N/A       3%          3
 Teleport Other           Tloc           30%        N/A       3%          3
 Passage of Golubria      Tloc           N/A        N/A       12%         4
 Portal Projectile        Hex/Tloc       36%        N/A       26%         3
 Manifold Assault         Tloc           30%        N/A       32%         5
 Animate Skeleton         Necr           12%        N/A       56%         1
 Beastly Appendage        Tmut           12%        N/A       56%         1
 Corona                   Hex            6%         N/A       56%         1
 Foxfire                  Conj/Fire      24%        2x1d5     56%         1
 Freeze                   Ice            24%        1d5       56%         1
 Magic Dart               Conj           24%        1d4       56%         1
 Pain                     Necr           24%        1d5       56%         1
 Sandblast                Erth           12%        2d6       56%         1
 Shock                    Conj/Air       24%        1d4       56%         1
 Sting                    Tmut/Pois      24%        1d4       56%         1
 Summon Small Mammal      Summ           24%        N/A       56%         1
 Call Imp                 Summ           6%         N/A       71%         2
 Ensorcelled Hibernation  Hex/Ice        12%        N/A       71%         2
 Passwall                 Tmut/Erth      5%         N/A       71%         2
 Poisonous Vapours        Pois/Air       12%        N/A       71%         2
 Slow                     Hex            6%         N/A       71%         2
 Static Discharge         Conj/Air       6%         N/A       71%         2
 Wereblood                Tmut           6%         N/A       71%         2
 Dispersal                Tloc           15%        N/A       87%         6
 Call Canine Familiar     Summ           6%         N/A       91%         3
 Confusing Touch          Hex            6%         N/A       91%         3
 Conjure Flame            Conj/Fire      6%         6-21      91%         3
 Dazzling Flash           Conj/Hex       12%        N/A       91%         3
 Ignite Poison            Fire/Tmut/Pois 6%         N/A       91%         3
 Inner Flame              Hex/Fire       6%         N/A       91%         3
 Mephitic Cloud           Conj/Pois/Air  6%         N/A       91%         3
 Spider Form              Tmut/Pois      3%         N/A       91%         3
 Stone Arrow              Conj/Erth      12%        3d7       91%         3
 Summon Guardian Golem    Hex/Summ       6%         N/A       91%         3
 Swiftness                Air            6%         N/A       91%         3
 Tukima's Dance           Hex            6%         N/A       91%         3
 Vampiric Draining        Necr           3%         2d6       91%         3
 Airstrike                Air            3%         N/A       100%        4
 Animate Armour           Summ/Erth      12%        N/A       100%        4
 Animate Dead             Necr           3%         N/A       100%        4
 Cause Fear               Hex            3%         N/A       100%        4
 Hailstorm                Conj/Ice       6%         3d4       100%        4
 Ice Form                 Ice/Tmut       6%         N/A       100%        4
 Leda's Liquefaction      Hex/Erth       3%         N/A       100%        4
 Olgreb's Toxic Radiance  Pois           6%         N/A       100%        4
 Petrify                  Tmut/Erth      6%         N/A       100%        4
 Sticky Flame             Conj/Fire      6%         2d3       100%        4
 Summon Ice Beast         Ice/Summ       6%         N/A       100%        4
 Summon Lightning Spire   Summ/Air       6%         N/A       100%        4
 Agony                    Necr           6%         N/A       100%        5
 Alistair's Intoxication  Tmut/Pois      4%         N/A       100%        5
 Bolt of Magma            Conj/Fire/Erth 3%         4d5       100%        5
 Borgnjor's Vile Clutch   Necr/Erth      3%         N/A       100%        5
 Fireball                 Conj/Fire      3%         3d4       100%        5
 Hydra Form               Tmut           3%         N/A       100%        5
 Irradiate                Conj/Tmut      3%         3d14      100%        5
 Iskenderun's Battlesphe  Conj           6%         2d6       100%        5
 Lee's Rapid Deconstruct  Erth           3%         3d6*      100%        5
 Lightning Bolt           Conj/Air       3%         1d14      100%        5
 Metabolic Englaciation   Hex/Ice        3%         N/A       100%        5
 Silence                  Hex/Air        3%         N/A       100%        5
 Summon Mana Viper        Hex/Summ       6%         N/A       100%        5
 Yara's Violent Unravell  Hex/Tmut       3%         3d4       100%        5
 Conjure Ball Lightning   Conj/Air       3%         3x3d6     100%        6
 Freezing Cloud           Conj/Ice/Air   3%         6-21      100%        6
 Invisibility             Hex            6%         N/A       100%        6
 Iron Shot                Conj/Erth      3%         9d2       100%        6
 Shadow Creatures         Summ           N/A        N/A       100%        6
 Simulacrum               Ice/Necr       3%         N/A       100%        6
 Dragon Form              Tmut           3%         N/A       100%        7
 Haunt                    Necr/Summ      3%         N/A       100%        7
 Malign Gateway           Summ/Tloc      9%         N/A       100%        7
 Monstrous Menagerie      Summ           3%         N/A       100%        7
 Orb of Destruction       Conj           3%         9d1       100%        7
 Ozocubu's Refrigeration  Ice            3%         4d5       100%        7
 Spellforged Servitor     Conj/Summ      3%         N/A       100%        7
 Chain Lightning          Conj/Air       3%         N/A       100%        8
 Discord                  Hex            3%         N/A       100%        8
 Disjunction              Tloc           15%        N/A       100%        8
 Ignition                 Fire           3%         3d4       100%        8
 Lehudib's Crystal Spear  Conj/Erth      3%         10d2      100%        8
 Summon Horrible Things   Summ           3%         N/A       100%        8
 Absolute Zero            Ice            3%         ∞         100%        9
 Fire Storm               Conj/Fire      3%         8d1       100%        9
 Shatter                  Erth           3%         3d7*      100%        9
 Tornado                  Air            3%         N/A       100%        9
 Sublimation of Blood     Necr           Unusable   N/A       N/A         2
 Statue Form              Tmut/Erth      Unusable   N/A       N/A         6

Dungeon Overview and Level Annotations

Branches:
Dungeon (15/15)            Temple (1/1) D:4            Lair (6/6) D:9
 Shoals (4/4) Lair:4       Spider (4/4) Lair:3        Slime (0/5) Lair:5
    Orc (2/2) D:11            Elf (3/3) Orc:2        Vaults (5/5) D:14
  Crypt (0/3) Vaults:3     Depths (5/5) D:15            Zot (5/5) Depths:5
Ossuary (visited)           IceCv (visited)         Gauntlet (visited)

Altars:
Ashenzari
Cheibriados
Dithmenos
Elyvilon
Fedhas
Gozag
Hepliaklqana
Kikubaaqudgha
Makhleb
Nemelex Xobeh
Okawaru
Qazlal
Ru
Sif Muna
Uskayaw
Vehumet
Wu Jian
Xom
Yredelemnul
Zin
The Shining One

Shops:
D:3 :   D:4 ?   D:5 !   D:6 *   D:9 *   D:12 (**[(   D:13 *   Orc:2 [*=*
Elf:2 :   Elf:3 !   Shoals:3 *   Vaults:3 :   Depths:1 ?   Depths:3 :
Depths:5 =((=[

Portals:
Hell: Depths:1 Depths:2 Depths:3 Depths:4 Depths:5
Abyss: Elf:3 Depths:4
Pandemonium: Orc:2 Depths:3
Ziggurat: Depths:4
Trove: Vaults:1 (give horn of Geryon)

Annotations:
D:11 3 runed translucent doors, Yterr's ghost, journeyman MfTm


Innate Abilities, Weirdness & Mutations

You are immune to sickness and miasma.
Your stone body is resilient. (AC +20)
You are immune to poison.
Your large and strong wings let you fly.
You resist negative energy. (rN+)
You are resistant to electric shocks. (rElec)
You are resistant to unholy torment.
You are immune to petrification.
You passively map a small area around you.
You are robust. (+10% HP)
You are weak. (Str -2)


Message History

The quicksilver dragon breathes dispelling energy at you.
The bolt of dispelling energy hits you!
You feel strangely stable.
* * * LOW HITPOINT WARNING * * *
An orb of fire comes into view.
An electric golem comes into view.
You block the moth of wrath's attack.
Okay, then.
Blink to where?
Press: ? - help, Dir - move target
As you read the scroll of blinking, it crumbles to dust.
A moth of wrath comes into view.
You feel much better.
The ancient lich casts a spell at itself.
The ancient lich flickers and vanishes for a moment.
Press: ? - help, v - describe, . - travel A dispersal trap.
Press: ? - help, v - describe, . - travel A permanent teleport trap.
The moth of wrath bites you but does no damage.
You block the Orb Guardian's attack. You block the moth of wrath's attack.
Really fly into that permanent teleport trap?
You enter a permanent teleport trap!
Your surroundings suddenly seem different. 11 Orb Guardians come into view.
The Orb Guardian drops a net on you.
You become entangled in the net!
The Orb Guardian barely misses you.
Found a throwing net, the Orb of Zot, 21 gold pieces and a glaive.
You see here a throwing net.
You tear a large gash into the net.
The Orb Guardian hits you but does no damage. x2
The Orb Guardian hits you!
* * * LOW HITPOINT WARNING * * *
The Orb Guardian hits you but does no damage. x2
The Orb Guardian hits you!
* * * LOW HITPOINT WARNING * * *
You struggle against the net.
The Orb Guardian hits you!
* * * LOW HITPOINT WARNING * * *
The Orb Guardian hits you but does no damage. x3
The Orb Guardian hits you!
You die...

* * *, , , , *
* , ▓▓▓▓▓▓▓▓▓ *
, ,, ,
▓▓.^....^▓▓ ,
,, ▓..$.^XX..▓▓
, ....XXX@X..▓,
,
....XXXXX......
)..........▓..^
,
▓....^....▓▓,,.
... ▓▓^......▓▓
, , 8D.
▓▓▓▓▓▓▓▓▓ * ...
, , ..* * * . *


You could see 11 Orb Guardians.

Vanquished Creatures
  Tiamat (Zot:3)
  An ancient lich (Vaults:5)
  A juggernaut (Depths:2)
  Frederick (Vaults:2)
  Bai Suzhen (Spider:4)
  Nikola (Elf:3)
  A curse toe (Zot:3)
  7 golden dragons
  Arachne (Spider:2)
  The ghost of Jihiargh the Severer, an adept HOFi of Qazlal (Vaults:2)
  2 electric golems (Zot:1)
  A Hell Sentinel (Elf:3)
  17 tentacled monstrosities
  Jorgrun (Shoals:1)
  8 quicksilver dragons
  8 titans
  8 liches
  A deep elf blademaster (Elf:3)
  Asterion (Elf:2)
  4 deep elf master archers (Elf:3)
  4 acid blobs (Depths:2)
  An ancient champion (Depths:1)
  7 death cobs
  Gastronok (Lair:2)
  3 sphinxes
  5 shadow dragons
  A tentacled starspawn (Elf:3)
  Donald (Shoals:1)
  6 tengu reavers
  15 storm dragons
  Roxanne (Spider:3)
  5 azure jellies (Depths:2)
  8 draconian monks
  A revenant (Vaults:3)
  The ghost of Eheximeo the Cleaver, an adept GnBe of Trog (Elf:3)
  Ilsuiw (Shoals:4)
  4 rockslimes (Depths:2)
  11 fire giants
  15 frost giants
  3 draconian knights
  7 deep elf sorcerers
  Aizul (Shoals:4)
  8 emperor scorpions
  2 orc warlords
  Louise (D:14)
  7 ghost moths
  10 draconian scorchers
  14 vault wardens
  4 iron dragons
  5 draconian stormcallers
  2 draconian shifters
  6 deep elf elementalists
  5 draconian annihilators
  A spriggan defender (Depths:4)
  9 war gargoyles
  26 ironbound preservers
  21 very ugly things
  17 stone giants
  A vampire knight (Depths:5)
  10 green draconians
  7 deep elf demonologists
  11 yellow draconians
  Azrael (D:12)
  14 black draconians
  A minotaur (Gauntlet)
  4 red draconians
  22 spark wasps
  5 entropy weavers
  7 purple draconians
  2 dire elephants (Vaults:2)
  8 deep elf annihilators
  5 white draconians
  Snorg (Lair:5)
  6 deep elf death magi
  9 merfolk javelineers (Shoals:4)
  7 ettins
  5 deep elf high priests
  6 crystal guardians
  9 merfolk impalers
  13 fire dragons
  6 great orbs of eyes
  24 yaktaur captains
  4 jiangshi
  5 rakshasas
  14 hydras
  A quicksilver dragon skeleton (Depths:4)
  8 ice dragons
  A hell beast (Depths:1)
  9 ironbound thunderhulks
  2 alligator snapping turtles (Shoals:4)
  Harold (D:7)
  32 vault guards
  11 ironbound frosthearts
  5 spriggan air magi
  6 centaur warriors
  An anaconda (shapeshifter) (Vaults:5)
  7 boulder beetles
  5 peacekeepers
  An ogre mage (Vaults:5)
  4 two-headed ogres
  Erica (Lair:1)
  7 merfolk aquamancers
  5 death yaks (Lair:6)
  3 merfolk avatars
  5 deep troll shamans
  4 satyrs
  3 ironbound beastmasters
  Urug (Lair:2)
  2 vampire magi
  7 tengu warriors
  23 dancing weapons
  8 deep troll earth magi
  A soul eater (Depths:3)
  A thrashing horror (Elf:3)
  5 orc high priests (Orc:2)
  11 deep elf knights
  6 spriggan berserkers
  3 hell knights
  A sun demon (Orc:2)
  6 sixfirhies
  A wretched star (Elf:3)
  6 iron trolls
  A skeletal warrior (D:12)
  A salamander mystic (Depths:2)
  88 deep trolls
  2 infernal demonspawn
  3 flayed ghosts
  22 sea snakes
  8 deep elf archers
  3 glowing orange brains
  A quicksilver dragon simulacrum (Depths:1)
  6 lindwurms
  A golden dragon skeleton (Vaults:3)
  A lindwurm (shapeshifter) (Depths:5)
  25 deep elf zephyrmancers
  An orange crystal statue (Shoals:2)
  2 phantasmal warriors (Vaults:3)
  11 large abominations
  31 harpies
  4 wizards
  17 ironbound convokers
  28 wolf spiders
  11 necromancers
  23 orb spiders
  10 orc knights
  A faun (shapeshifter) (D:13)
  A sphinx zombie (Depths:4)
  12 cyclopes
  20 deep elf pyromancers
  6 orc sorcerers
  33 ugly things
  2 salamanders (shapeshifter)
  13 fauns
  2 worldbinders (Elf:3)
  17 manticores
  19 moths of wrath
  3 salamanders
  A black mamba (shapeshifter) (Vaults:5)
  A fire giant skeleton (Vaults:3)
  24 vault sentinels
  4 elephants (Lair:1)
  An ice statue (IceCv)
  Maurice (D:8)
  A moth of wrath (shapeshifter) (Depths:5)
  15 black mambas
  13 merfolk sirens
  An orange demon (Orc:2)
  Joseph (D:7)
  A guardian serpent (shapeshifter) (Vaults:5)
  3 torpor snails
  10 water nymphs
  2 molten gargoyles (Lair:6)
  4 gargoyles
  Psyche (D:12)
  11 cane toads
  A komodo dragon (shapeshifter) (Depths:3)
  An efreet (D:15)
  An unseen horror (D:12)
  A human zombie (Vaults:4)
  2 kobold demonologists (D:12)
  A rime drake (shapeshifter) (Elf:1)
  4 tengu conjurers
  16 freezing wraiths
  6 komodo dragons
  28 yaktaurs
  7 rime drakes
  14 demonic crawlers
  An ice devil (Orc:2)
  A hellwing (Orc:2)
  A jumping spider (shapeshifter) (D:14)
  A yaktaur skeleton (Vaults:3)
  9 trolls
  42 jumping spiders
  19 merfolk
  A wolf spider simulacrum (D:15)
  Prince Ribbit (D:9)
  A sphinx simulacrum (Depths:4)
  A tyrant leech (shapeshifter) (Elf:3)
  10 hornets
  3 wind drakes
  5 polar bears
  7 dream sheep
  26 slime creatures
  19 blink frogs
  11 snapping turtles
  2 human simulacra
  77 redbacks
  36 water elementals
  2 shadows (Gauntlet)
  3 air elementals
  A deep troll skeleton (Vaults:4)
  4 fire bats (Depths:2)
  An ettin skeleton (Vaults:4)
  6 wraiths
  3 spriggans
  34 tarantellas
  5 wyverns (Lair:6)
  4 fire elementals
  10 basilisks
  4 steam dragons
  50 yaks
  2 death yak simulacra (IceCv)
  3 chaos spawn (Depths:4)
  A neqoxec (Orc:2)
  8 vampire mosquitoes
  Duvessa (D:7)
  11 water moccasins
  An ogre skeleton (Vaults:3)
  6 hell hounds
  A swamp drake (D:11)
  2 black bears
  6 ice beasts (IceCv)
  A hornet zombie (D:7)
  A necrophage (D:4)
  22 orc warriors
  A sky beast (shapeshifter) (Depths:4)
  2 alligator simulacra (IceCv)
  A sky beast (D:6)
  2 ogres (D:6)
  7 boggarts
  8 wolves (Lair:3)
  19 centaurs
  4 small abominations (Depths:4)
  10 bullfrogs
  4 earth elementals
  3 elf zombies (Elf:1)
  A kobold brigand (D:7)
  2 gnoll sergeants (D:12)
  6 scorpions
  4 water moccasin zombies
  Dowan (D:7)
  A water moccasin skeleton (D:5)
  3 wights (D:9)
  4 killer bees (D:8)
  2 electric eels
  5 howler monkeys
  5 lava snakes (Lair:6)
  5 draconian simulacra (IceCv)
  3 hounds
  2 centaur zombies
  3 jellies
  A centaur skeleton (D:7)
  A bullfrog skeleton (D:6)
  A gnoll shaman (D:8)
  27 orc priests
  Jessica (D:3)
  An iguana (D:5)
  16 orc wizards
  4 hell rats (Lair:2)
  2 spriggan simulacra (IceCv)
  3 troll simulacra (IceCv)
  3 centaur simulacra (IceCv)
  2 mummies (Ossuary)
  Robin (D:2)
  A hound skeleton (D:4)
  10 gnolls
  5 naga simulacra (IceCv)
  2 ogre simulacra (IceCv)
  6 adders
  12 white imps (IceCv)
  5 ufetubi
  5 adder zombies (Ossuary)
  5 worms
  A dart slug (D:4)
  62 orcs
  7 ball pythons
  4 bats
  4 endoplasms
  4 giant cockroaches
  5 gnoll zombies (Ossuary)
  19 goblins
  16 hobgoblins
  13 jackals
  8 kobolds
  4 quokkas
  2 frilled lizards (D:2)
  A goblin zombie (D:6)
  2 hobgoblin zombies (Ossuary)
  5 kobold zombies (Ossuary)
  6 orc zombies (Ossuary)
  A quokka zombie (D:6)
  6 rats
  A bush (Shoals:1)
  A starspawn tentacle (Elf:3)
2185 creatures vanquished.

Vanquished Creatures (collateral kills)
  A vault warden (Vaults:5)
  A yaktaur captain (Vaults:5)
  An orc (D:5)
3 creatures vanquished.

Vanquished Creatures (others)
  A lich (Depths:2)
  2 fire giants
  A draconian knight (Zot:2)
  A merfolk javelineer (Depths:5)
  An ironbound frostheart (Vaults:3)
  A deep elf knight (Elf:2)
  2 orb spiders
  A manticore (Shoals:4)
  A yaktaur (Vaults:3)
  2 jumping spiders
  A large abomination (Elf:1)
  A bush (Shoals:1)
  15 fungi
  120 plants
  A starspawn tentacle (Elf:3)
151 creatures vanquished.

Grand Total: 2339 creatures vanquished

Notes
Turn   | Place    | Note
-------+----------+-------------------------------------------
     0 | D:1      | Delamore the Gargoyle Fighter began the quest for the Orb.
     0 | D:1      | Reached XP level 1. HP: 14/14 MP: 1/1
   109 | D:1      | Reached XP level 2. HP: 12/19 MP: 2/2
   628 | D:1      | Reached XP level 3. HP: 24/24 MP: 3/3
   917 | D:2      | Found a faded altar of an unknown god.
  1276 | D:2      | Found a shimmering altar of Xom.
  1276 | D:2      | Noticed Robin
  1303 | D:2      | Reached skill level 4 in Shields
  1318 | D:2      | Reached XP level 4. HP: 16/29 MP: 4/4
  1325 | D:2      | Killed Robin
  2039 | D:3      | Noticed Jessica
  2046 | D:3      | Killed Jessica
  2052 | D:3      | Found a faded altar of an unknown god.
  2055 | D:3      | Found a hazy altar of Hepliaklqana.
  2156 | D:3      | Reached XP level 5. HP: 28/34 MP: 5/5
  2221 | D:3      | Found Gogir's Book Boutique.
  3353 | D:4      | Reached XP level 6. HP: 36/40 MP: 6/6
  3410 | D:4      | Found Momolid's Magic Scroll Boutique.
  3422 | D:4      | Bought a scroll of magic mapping for 45 gold pieces
  3422 | D:4      | Bought a scroll of identify for 26 gold pieces
  3449 | D:4      | Reached skill level 5 in Fighting
  3454 | D:4      | Reached skill level 5 in Shields
  3474 | D:4      | Found a staircase to the Ecumenical Temple.
  3636 | D:4      | Identified the +5 dagger "Deguetwe" {freeze, rN+ Int-2
                  | Stlth+}
  3886 | D:4      | Reached skill level 5 in Maces & Flails
  4081 | D:5      | Entered Level 5 of the Dungeon
  4119 | D:4      | Bought a scroll of identify for 26 gold pieces
  4119 | D:4      | Bought a scroll of immolation for 45 gold pieces
  4189 | D:5      | Reached XP level 7. HP: 39/44 MP: 7/7
  4958 | D:5      | Found Yfaits's Distillery.
  5205 | D:5      | Reached XP level 8. HP: 32/49 MP: 8/8
  5515 | D:5      | Found a radiant altar of Vehumet.
  5617 | D:6      | Found a sand-covered staircase.
  5632 | Ossuary  | Entered an ossuary
  6352 | Temple   | Entered the Ecumenical Temple
  6428 | Temple   | Became a worshipper of Warmaster Okawaru
  6628 | D:6      | Found a blossoming altar of Fedhas.
  6922 | D:6      | Found Hats's Assorted Antiques.
  6925 | D:6      | Bought a scroll of identify for 50 gold pieces
  6925 | D:6      | Bought a scroll of identify for 50 gold pieces
  6928 | D:6      | Bought a sedimented ruby potion for 22 gold pieces
  6928 | D:6      | Bought a metallic cyan potion for 22 gold pieces
  7223 | D:7      | Noticed Dowan
  7225 | D:7      | Noticed Duvessa
  7232 | D:7      | Killed Dowan
  7233 | D:7      | Reached skill level 10 in Maces & Flails
  7247 | D:7      | Killed Duvessa
  7248 | D:7      | Reached XP level 9. HP: 28/54 MP: 9/9
  7284 | D:7      | Noticed a troll
  7317 | D:6      | Killed a troll
  7317 | D:6      | Reached * piety under Okawaru
  7618 | D:7      | Noticed Joseph
  7639 | D:7      | Killed Joseph
  7718 | D:7      | Reached ** piety under Okawaru
  7778 | D:7      | Noticed Harold
  7822 | D:7      | Killed Harold
  7823 | D:7      | Reached XP level 10. HP: 44/59 MP: 8/10
  7949 | D:7      | Found a hide-covered altar of Uskayaw.
  8332 | D:8      | Found a burning altar of Makhleb.
  8681 | D:8      | Found a broken altar of Ashenzari.
  8762 | D:8      | Noticed Maurice
  8776 | D:8      | Killed Maurice
  8776 | D:8      | Reached *** piety under Okawaru
  9212 | D:9      | Identified the +1 leather armour of the Okapi {rC+}
  9276 | D:9      | Found Vioh's Changing Room.
  9334 | D:9      | Found a staircase to the Lair.
  9556 | D:9      | Reached skill level 1 in Invocations
  9793 | D:9      | Noticed Prince Ribbit
  9809 | D:9      | Killed Prince Ribbit
  9810 | D:9      | Reached skill level 1 in Throwing
 10026 | D:4      | Bought a scroll of identify for 26 gold pieces
 10026 | D:4      | Bought 3 scrolls of identify for 78 gold pieces
 10026 | D:4      | Bought a scroll of identify for 26 gold pieces
 10026 | D:4      | Bought a scroll of enchant weapon for 97 gold pieces
 10198 | D:10     | Entered Level 10 of the Dungeon
 10312 | D:10     | Reached **** piety under Okawaru
 10495 | D:10     | Reached skill level 6 in Shields
 10745 | D:10     | Reached XP level 11. HP: 63/63 MP: 13/13
 10770 | D:10     | Found a shimmering altar of Xom.
 11226 | D:10     | Reached ***** piety under Okawaru
 11301 | D:10     | Found a hide-covered altar of Uskayaw.
 11527 | Lair:1   | Entered Level 1 of the Lair of Beasts
 11664 | Lair:1   | Reached skill level 7 in Shields
 11816 | Lair:1   | Reached skill level 5 in Invocations
 11832 | Lair:1   | Identified the +8 eveningstar of the Postmodern Knives
                  | {freeze, Dex+2} (Okawaru gifted it to you on level 1 of the
                  | Lair of Beasts)
 11832 | Lair:1   | Received a gift from Okawaru
 11880 | Lair:1   | Reached skill level 8 in Shields
 11904 | Lair:1   | Noticed Erica
 11912 | Lair:1   | Killed Erica
 11958 | Lair:1   | Reached skill level 9 in Shields
 11998 | Lair:1   | Identified the +8 dire flail of Ketekuuc {vorpal, Str+2
                  | Stlth+} (Okawaru gifted it to you on level 1 of the Lair of
                  | Beasts)
 11998 | Lair:1   | Received a gift from Okawaru
 12136 | Lair:1   | Reached XP level 12. HP: 68/68 MP: 15/15
 12397 | Lair:2   | Reached skill level 10 in Shields
 12435 | Lair:2   | Noticed Gastronok
 12450 | Lair:2   | Killed Gastronok
 12451 | Lair:2   | Reached skill level 15 in Maces & Flails
 12467 | Lair:2   | Noticed Urug
 12475 | Lair:2   | Killed Urug
 12952 | Lair:3   | Found a hole to the Spider Nest.
 12965 | Lair:3   | Received a gift from Okawaru
 12971 | Lair:3   | Reached ****** piety under Okawaru
 12977 | Lair:3   | Reached skill level 11 in Shields
 13074 | Lair:3   | Identified a scroll of acquirement
 13075 | Lair:3   | Acquired the +0 helmet of Autumn {Rampage rC+++}
 13735 | Lair:3   | Received a gift from Okawaru
 13821 | Lair:4   | Noticed an eight-headed hydra
 13830 | Lair:4   | Killed an eight-headed hydra
 13831 | Lair:4   | Reached skill level 12 in Shields
 13831 | Lair:4   | Reached XP level 13. HP: 69/72 MP: 16/16
 14210 | Lair:4   | Found a staircase to the Shoals.
 14269 | Lair:4   | Reached skill level 13 in Shields
 14647 | Lair:5   | Found a staircase to the Slime Pits.
 14826 | Lair:5   | Noticed Snorg
 14838 | Lair:5   | Killed Snorg
 15446 | Lair:6   | Entered Level 6 of the Lair of Beasts
 15497 | Lair:6   | Reached skill level 14 in Shields
 15616 | Lair:6   | Reached skill level 5 in Armour
 15675 | Lair:6   | Received a gift from Okawaru
 15722 | Lair:6   | Received a gift from Okawaru
 15774 | Lair:6   | Gained mutation: Your large and strong wings let you fly.
                  | [Gargoyle growth]
 15774 | Lair:6   | Reached XP level 14. HP: 77/83 MP: 17/17
 16219 | Lair:6   | Received a gift from Okawaru
 16249 | Lair:6   | Found a large runed translucent door.
 16249 | Lair:6   | Found a large runed translucent door.
 16702 | D:11     | Found a gate leading to a gauntlet.
 16708 | Gauntlet | Entered a Gauntlet
 16708 | Gauntlet | Found a transporter.
 16713 | Gauntlet | Found a transporter.
 16714 | Gauntlet | Found a transporter.
 16725 | Gauntlet | Found a runed translucent gate.
 16725 | Gauntlet | Found a runed translucent gate.
 16728 | Gauntlet | Found a runed translucent gate.
 16728 | Gauntlet | Found a transporter.
 16730 | Gauntlet | Found a transporter.
 16740 | Gauntlet | Found a transporter.
 16756 | Gauntlet | Found a transporter.
 16757 | Gauntlet | Noticed an entropy weaver
 16761 | Gauntlet | Found a transporter.
 16782 | Gauntlet | Found a transporter.
 16787 | Gauntlet | Found a transporter.
 16796 | Gauntlet | Found a runed translucent door.
 16798 | Gauntlet | Found a transporter.
 16800 | Gauntlet | Found a runed translucent door.
 16800 | Gauntlet | Found a transporter.
 16830 | Gauntlet | Found a transporter.
 16837 | Gauntlet | Found a transporter.
 16903 | Gauntlet | Received a gift from Okawaru
 16966 | Gauntlet | Reached skill level 10 in Fighting
 16972 | Gauntlet | Identified the +1 cloak "Olixef" {Rampage rC+ rCorr SInv}
 16987 | Gauntlet | Identified the +8 hand crossbow of Wondrous Power {penet,
                  | rCorr}
 16992 | Gauntlet | Identified the -2 tower shield "Maxare" {rC+ Str+3 Dex-3}
                  | (Okawaru gifted it to you in a Gauntlet)
 16992 | Gauntlet | Received a gift from Okawaru
 17185 | D:11     | Reached skill level 10 in Armour
 17467 | D:11     | Found a runed translucent gate.
 17468 | D:11     | Found a runed translucent gate.
 17469 | D:11     | Found a runed translucent gate.
 17527 | D:11     | Identified the ring "Forget-Me-Not" {rPois rN+ MP-9 Str+7}
 17805 | D:11     | Found a staircase to the Orcish Mines.
 18133 | D:11     | Found a runed translucent gate.
 18133 | D:11     | Found a runed translucent gate.
 18135 | D:11     | Noticed Yterr's ghost (journeyman MfTm)
 18137 | D:11     | Found a runed translucent gate.
 18282 | Orc:1    | Entered Level 1 of the Orcish Mines
 18390 | Orc:2    | Entered Level 2 of the Orcish Mines
 18483 | Orc:2    | Found a staircase to the Elven Halls.
 18641 | Orc:2    | Found Jusoraz's General Store.
 18641 | Orc:2    | Found Niocsoes's General Store.
 18756 | Orc:2    | Bought a scroll of immolation for 38 gold pieces
 18784 | Orc:2    | Reached XP level 15. HP: 71/92 MP: 4/20
 19190 | Orc:1    | Reached skill level 15 in Shields
 19224 | Orc:1    | Received a gift from Okawaru
 19331 | Orc:2    | Bought a scroll of identify for 30 gold pieces
 19331 | Orc:2    | Bought a scroll of fear for 52 gold pieces
 19331 | Orc:2    | Bought a potion of might for 60 gold pieces
 19331 | Orc:2    | Bought a scroll of teleportation for 45 gold pieces
 19455 | Orc:2    | Found Ungit's Antique Armour Shoppe.
 19455 | Orc:2    | Found Girietol's Jewellery Emporium.
 19456 | Orc:2    | Found a one-way gate leading to the halls of Pandemonium.
 19773 | D:12     | Received a gift from Okawaru
 19871 | D:12     | Noticed Psyche
 19874 | D:12     | Killed Psyche
 20003 | D:12     | Found Pexur's Assorted Antiques.
 20048 | D:12     | Found Keheanei's Weapon Boutique.
 20076 | D:12     | Bought a scroll of teleportation for 87 gold pieces
 20153 | D:12     | Reached skill level 10 in Invocations
 20178 | D:12     | Reached skill level 16 in Shields
 20193 | D:12     | Noticed Azrael
 20199 | D:12     | Killed Azrael
 20281 | D:12     | Reached skill level 5 in Throwing
 20334 | D:12     | Found Leuvasof's Antique Armour Emporium.
 20373 | D:12     | Found Zoschill's Weapon Emporium.
 20435 | D:12     | Found Wurchaagh's General Store.
 20439 | D:12     | Bought a scroll of acquirement for 780 gold pieces
 20439 | D:12     | Acquired 467 gold pieces
 20440 | D:12     | Bought a potion of curing for 45 gold pieces
 20941 | D:13     | Found a frozen archway.
 20954 | IceCv    | Entered an ice cave
 21073 | IceCv    | Reached XP level 16. HP: 88/97 MP: 14/23
 21081 | IceCv    | Received a gift from Okawaru
 21139 | IceCv    | Identified the Disquisition on Gliding Toxins
 21161 | IceCv    | Found an ancient bone altar of Kikubaaqudgha.
 21501 | D:13     | Identified the +1 leather armour of Midsummer {Harm Will+
                  | Str+3}
 21586 | D:13     | Received a gift from Okawaru
 21587 | D:13     | Reached skill level 17 in Shields
 21808 | D:13     | Found Acoblax's Assorted Antiques.
 21812 | D:13     | Acquired a manual of Throwing
 21815 | D:13     | Bought a scroll labelled BIMIUHIS BEWYDIXZE for 40 gold
                  | pieces
 21954 | D:14     | Noticed Louise
 21968 | D:14     | Killed Louise
 21982 | D:14     | Found an opulent altar of Gozag.
 22058 | D:14     | Received a gift from Okawaru
 22150 | D:14     | Found a gate to the Vaults.
 22172 | D:14     | Received a gift from Okawaru
 23238 | D:15     | Entered Level 15 of the Dungeon
 23316 | D:15     | Found a sacrificial altar of Ru.
 23497 | D:15     | Reached skill level 10 in Throwing
 23500 | D:15     | Identified the +4 mace of the Modern Planets {freeze, rC++
                  | rCorr Str-3 Int+6} (Okawaru gifted it to you on level 15 of
                  | the Dungeon)
 23500 | D:15     | Received a gift from Okawaru
 23644 | D:15     | Reached skill level 18 in Shields
 23974 | D:15     | Found a staircase to the Depths.
 24262 | Spider:1 | Entered Level 1 of the Spider Nest
 24460 | Lair:3   | Received a gift from Okawaru
 24575 | Lair:3   | Received a gift from Okawaru
 24605 | Spider:1 | Reached XP level 17. HP: 95/102 MP: 15/24
 24699 | Spider:1 | Reached skill level 19 in Shields
 25406 | Spider:2 | Received a gift from Okawaru
 25429 | Spider:2 | Noticed Arachne
 25465 | Spider:2 | Killed Arachne
 25998 | Spider:3 | Reached skill level 20 in Shields
 26179 | Spider:3 | Noticed Roxanne
 26298 | Spider:3 | Killed Roxanne
 26298 | Spider:3 | Received a gift from Okawaru
 26382 | Spider:4 | Entered Level 4 of the Spider Nest
 26540 | Spider:4 | Reached XP level 18. HP: 111/114 MP: 1/25
 26948 | Spider:4 | Noticed Bai Suzhen
 26967 | Spider:4 | Killed Bai Suzhen
 27698 | Spider:4 | Received a gift from Okawaru
 27699 | Spider:4 | Reached skill level 21 in Shields
 27839 | Spider:4 | Got a gossamer rune of Zot
 27938 | Spider:4 | Learned a level 2 spell: Blink
 27942 | Spider:4 | Learned a level 3 spell: Lesser Beckoning
 28049 | Shoals:1 | Entered Level 1 of the Shoals
 28256 | Shoals:1 | Noticed Jorgrun
 28270 | Shoals:1 | Killed Jorgrun
 28270 | Shoals:1 | Received a gift from Okawaru
 28271 | Shoals:1 | Found the +3 robe of Folly {Archmagi, Will-- Int+5}
 28446 | Shoals:1 | Noticed Donald
 28455 | Shoals:1 | Killed Donald
 28503 | Shoals:1 | Identified the +2 animal skin of Paranoia {*Slow rElec
                  | Str+8 Dex-2}
 28742 | Shoals:2 | Reached skill level 15 in Fighting
 29089 | Shoals:2 | Reached XP level 19. HP: 124/124 MP: 17/26
 29203 | Shoals:2 | Found a transporter.
 29225 | Shoals:2 | Found the amulet of the Four Winds {rN+ Will+++ Clar}
 29226 | Shoals:2 | Found a transporter.
 29629 | Shoals:2 | Identified the amulet of the Leaf {rC+ Regen+}
 29870 | Shoals:3 | Found Tennemn's Tempting Trifles.
 29877 | Shoals:3 | Received a gift from Okawaru
 29930 | Shoals:3 | Bought a scroll of teleportation for 60 gold pieces
 30016 | Shoals:3 | Reached skill level 22 in Shields
 30547 | Shoals:4 | Entered Level 4 of the Shoals
 30592 | Shoals:4 | Noticed Aizul
 30613 | Shoals:4 | Killed Aizul
 30679 | Shoals:4 | Noticed Ilsuiw
 30763 | Shoals:4 | Killed Ilsuiw
 31109 | Shoals:4 | Received a gift from Okawaru
 31223 | Shoals:4 | Received a gift from Okawaru
 31325 | Shoals:4 | Received a gift from Okawaru
 31383 | Shoals:4 | Reached XP level 20. HP: 117/134 MP: 18/27
 31606 | Shoals:4 | Got a barnacled rune of Zot
 32129 | Vaults:1 | Entered Level 1 of the Vaults
 32383 | Vaults:1 | Reached skill level 23 in Shields
 32431 | Vaults:1 | Received a gift from Okawaru
 32802 | Vaults:1 | Found a portal to a secret trove of treasure.
 32958 | Vaults:1 | Received a gift from Okawaru
 33505 | Vaults:2 | Received a gift from Okawaru
 33879 | Vaults:2 | Received a gift from Okawaru
 34246 | Vaults:2 | Reached XP level 21. HP: 140/140 MP: 19/28
 34271 | Vaults:2 | Received a gift from Okawaru
 34487 | Vaults:2 | Identified the ring of Caunutse {Wiz rF+}
 34520 | Vaults:2 | Reached skill level 24 in Shields
 34602 | Vaults:2 | Received a gift from Okawaru
 34629 | Vaults:2 | Found a runed translucent door.
 34629 | Vaults:2 | Found a shimmering altar of Xom.
 34629 | Vaults:2 | Noticed Jihiargh's ghost (adept HOFi)
 35101 | Vaults:2 | Noticed Frederick
 35118 | Vaults:2 | Killed Frederick
 35118 | Vaults:2 | Received a gift from Okawaru
 35118 | Vaults:2 | Received a gift from Okawaru
 35298 | Vaults:2 | Killed Jihiargh's ghost
 35358 | Vaults:2 | Acquired a manual of Armour
 35405 | Vaults:3 | Identified the +1 kite shield of Hide-and-Seek {rElec Str-2
                  | Int+8 Dex-2} (Okawaru gifted it to you on level 3 of the
                  | Vaults)
 35405 | Vaults:3 | Received a gift from Okawaru
 35862 | Vaults:3 | Reached skill level 15 in Throwing
 35952 | Vaults:3 | Found a staircase to the Crypt.
 36350 | Vaults:3 | Reached skill level 25 in Shields
 36893 | Vaults:3 | Found Fomajiy's Book Shop.
 37380 | Vaults:3 | Reached XP level 22. HP: 132/145 MP: 20/29
 37983 | Vaults:4 | Received a gift from Okawaru
 39530 | Orc:2    | Bought the ring of the Saviour {rF+ rN+} for 470 gold
                  | pieces
 39717 | D:12     | Bought a condenser vane for 1160 gold pieces
 39871 | Elf:1    | Entered Level 1 of the Elven Halls
 39892 | Elf:1    | Reached skill level 15 in Armour
 39898 | Elf:1    | Reached skill level 1 in Evocations
 40026 | Elf:1    | Identified Gyxo's Papyrus of Evil
 40367 | Elf:1    | Received a gift from Okawaru
 41037 | Elf:2    | Found Haeb's Book Shoppe.
 41168 | Elf:2    | Found a runed translucent gate.
 41168 | Elf:2    | Found a runed translucent gate.
 41168 | Elf:2    | Found a runed translucent gate.
 41412 | Elf:2    | Noticed Asterion
 41424 | Elf:2    | Killed Asterion
 41425 | Elf:2    | Reached skill level 5 in Evocations
 41441 | Elf:2    | Reached XP level 23. HP: 150/150 MP: 30/30
 41744 | Elf:3    | Entered Level 3 of the Elven Halls
 41882 | Elf:3    | Gained mutation: You sometimes lose the ability to read
                  | scrolls when taking damage. [a cacodemon]
 41889 | Elf:3    | Received a gift from Okawaru
 42023 | Elf:3    | Identified the +4 scale mail of Teusan {rF+}
 42034 | Elf:3    | Identified the +8 mace of Naepatynn {freeze, rN+ Str+3}
 42045 | Elf:3    | Identified the Volume of the Arsonist
 42054 | Elf:3    | Identified the +1 trident of Eptux {drain, Will+}
 42073 | Elf:3    | Identified the Disquisition on Moulding and Poisoning
 42090 | Elf:3    | Identified the +7 falchion of Kedoyz {vorpal, rF+ rCorr
                  | Int+3}
 42142 | Elf:3    | Noticed Nikola
 42153 | Elf:3    | Killed Nikola
 42154 | Elf:3    | Noticed Eheximeo's ghost (adept GnBe)
 42155 | Elf:3    | Found a transporter.
 42248 | Elf:3    | Found a transporter.
 42337 | Elf:3    | Found the +8 demon trident "Rift" {distort, reach+}
 42352 | Elf:3    | Noticed a golden dragon
 42455 | Elf:3    | Found Oqinaf's Distillery.
 42465 | Elf:3    | Bought 2 potions of heal wounds for 160 gold pieces
 42465 | Elf:3    | Bought a potion of curing for 48 gold pieces
 42465 | Elf:3    | Bought a potion of curing for 48 gold pieces
 42465 | Elf:3    | Bought a potion of curing for 48 gold pieces
 42951 | Elf:3    | Found a one-way gate to the infinite horrors of the Abyss.
 43020 | Elf:3    | Killed Eheximeo's ghost
 43020 | Elf:3    | Identified the +9 mace "Qautzaw" {vorpal, Str+4} (Okawaru
                  | gifted it to you on level 3 of the Elven Halls)
 43020 | Elf:3    | Received a gift from Okawaru
 43095 | Elf:3    | Lost mutation: You sometimes lose the ability to read
                  | scrolls when taking damage. [potion of mutation]
 43095 | Elf:3    | Gained mutation: You are strong-willed. (Will+) [potion of
                  | mutation]
 43095 | Elf:3    | Gained mutation: You passively map a small area around you.
                  | [potion of mutation]
 43095 | Elf:3    | Lost mutation: You are strong-willed. (Will+) [potion of
                  | mutation]
 43095 | Elf:3    | Gained mutation: You are robust. (+10% HP) [potion of
                  | mutation]
 43472 | Vaults:5 | Entered Level 5 of the Vaults
 43529 | Vaults:5 | Noticed a golden dragon
 43532 | Vaults:5 | Received a gift from Okawaru
 43535 | Vaults:5 | Killed a golden dragon
 43560 | Vaults:5 | Received a gift from Okawaru
 43568 | Vaults:5 | Reached skill level 10 in Evocations
 43571 | Vaults:5 | Reached XP level 24. HP: 116/171 MP: 30/30
 43604 | Vaults:5 | Received a gift from Okawaru
 43614 | Vaults:5 | Noticed an ancient lich
 43702 | Vaults:5 | Identified the +6 fire dragon scales of Servitude {rF++ rC-
                  | Int+4 Slay+2}
 43702 | Vaults:5 | Identified the ring "Xois" {Contam rPois Str+10 Dex-4 SInv}
 43884 | Vaults:5 | Got a silver rune of Zot
 43998 | Vaults:5 | Killed an ancient lich
 44093 | Vaults:5 | Identified the +9 great sword of Magnificence {holy, +Blink
                  | Dex-4 Stlth+}
 44357 | Vaults:5 | Identified the +9 hunting sling of the Middle {speed,
                  | Fragile Int+4 Stlth+}
 44484 | Vaults:5 | Identified the +5 morningstar "Juamojag" {elec, *Rage Fly
                  | rC+ Int+3}
 44560 | Vaults:5 | Found the ring of Shadows {Umbra +Inv Stlth+}
 44756 | Vaults:5 | Identified the +8 hunting sling of the Scorpion {freeze,
                  | +Blink Dex+2} (Okawaru gifted it to you on level 5 of the
                  | Vaults)
 44756 | Vaults:5 | Received a gift from Okawaru
 44775 | Vaults:5 | Reached skill level 1 in Spellcasting
 44775 | Vaults:5 | Reached skill level 1 in Translocations
 44833 | Vaults:5 | Identified Sif Muna's Tome of Icy Beguiling
 44856 | Vaults:5 | Identified the +1 mace of Classification {flame, +Rage rF++
                  | rC+ Stlth+}
 44890 | Vaults:5 | Identified the Catalogue of Glacial Fire
 45405 | Vaults:5 | Identified the ring "Ujenenk" {rCorr Str+7}
 45576 | Vaults:5 | Acquired 666 gold pieces
 45578 | Vaults:5 | Acquired the +1 pair of gloves "Plog" {+Blink rF+ rN++
                  | Will+}
 45869 | Depths:1 | Entered Level 1 of the Depths
 45918 | Depths:1 | Found a gateway to Hell.
 46347 | Depths:1 | Identified the +3 pair of boots of Sunlight {rN+} (Okawaru
                  | gifted it to you on level 1 of the Depths)
 46347 | Depths:1 | Received a gift from Okawaru
 46348 | Depths:1 | Reached skill level 5 in Spellcasting
 46348 | Depths:1 | Reached skill level 5 in Translocations
 46421 | Depths:1 | Reached XP level 25. HP: 162/177 MP: 30/30
 46765 | Depths:1 | Found Weakk's Magic Scroll Shoppe.
 46771 | Depths:1 | Bought a scroll of teleportation for 54 gold pieces
 46771 | Depths:1 | Bought a scroll of blinking for 135 gold pieces
 46771 | Depths:1 | Bought a scroll of blinking for 135 gold pieces
 46771 | Depths:1 | Bought a scroll of teleportation for 54 gold pieces
 46771 | Depths:1 | Bought a scroll of immolation for 63 gold pieces
 46771 | Depths:1 | Bought a scroll of teleportation for 54 gold pieces
 46771 | Depths:1 | Bought a scroll of enchant armour for 135 gold pieces
 46993 | Depths:1 | Identified the +9 battleaxe of Taxation {vorpal, +Blink}
 47593 | Depths:2 | Found a runed translucent door.
 47813 | Depths:2 | Received a gift from Okawaru
 47994 | Depths:2 | Noticed a juggernaut
 48013 | Depths:2 | Killed a juggernaut
 48620 | Depths:3 | Received a gift from Okawaru
 48856 | Depths:3 | Reached skill level 10 in Spellcasting
 48856 | Depths:3 | Reached skill level 10 in Translocations
 48907 | Depths:3 | Found Qoluut's Book Shop.
 49128 | Depths:3 | Received a gift from Okawaru
 49302 | Depths:3 | Reached XP level 26. HP: 184/184 MP: 37/37
 49358 | Depths:3 | Found an ornate altar of the Wu Jian Council.
 49761 | Depths:4 | Identified the ring "Togiatot" {+Blink rElec rC- rN+}
 50522 | Depths:4 | Identified the ring of Feanerio {rF+ rC+ Str-2 Int+3}
 50673 | Depths:4 | Found a gateway to a ziggurat.
 50890 | Depths:5 | Entered Level 5 of the Depths
 50913 | Depths:5 | Found Nyudda's Armour Shoppe.
 50920 | Depths:5 | Found Bueck's Jewellery Shoppe.
 50920 | Depths:5 | Found Saehun's Antique Weapon Emporium.
 50923 | Depths:5 | Found Kahyv's Weapon Emporium.
 51051 | Depths:5 | Received a gift from Okawaru
 51264 | Depths:5 | Found a gate to the Realm of Zot.
 51276 | Depths:5 | Identified the +0 cloak of the Louse {Str+6} (Okawaru
                  | gifted it to you on level 5 of the Depths)
 51276 | Depths:5 | Received a gift from Okawaru
 51769 | Depths:5 | Found Noigekly's Jewellery Shoppe.
 52059 | Zot:1    | Entered Level 1 of the Realm of Zot
 52211 | Zot:1    | Acquired a manual of Air Magic
 52483 | Zot:1    | Reached XP level 27. HP: 193/200 MP: 37/37
 53230 | Zot:1    | Received a gift from Okawaru
 54064 | Zot:2    | Received a gift from Okawaru
 54325 | Zot:2    | Identified the +0 hat of the First Lovers {*Corrode rPois
                  | Str+4 Int+4} (Okawaru gifted it to you on level 2 of the
                  | Realm of Zot)
 54325 | Zot:2    | Received a gift from Okawaru
 56394 | Zot:4    | Found the +4 dragonskin cloak
 56394 | Zot:4    | Noticed Tiamat
 56821 | Zot:3    | Killed Tiamat
 56909 | Zot:5    | Entered Level 5 of the Realm of Zot
 56909 | Zot:5    | Noticed an orb of fire
 56909 | Zot:5    | Noticed an ancient lich
 56910 | Zot:5    | Gained mutation: You are weak. (Str -2) [an orb of fire]
 56910 | Zot:5    | Noticed an orb of fire
 56912 | Zot:5    | Noticed an orb of fire
 56921 | Zot:5    | HP: 8/207 [Orb Guardian (7)]
 56921 | Zot:5    | Slain by an Orb Guardian

Illustrated notes

Levels and vault maps discovered:
D:1:      minmay_arrival_stair_chambers, layout_rooms
D:2:      layout_basic, basic_altar, shapermc_ecumenical_altar_starsandcircs,
          uniq_robin
D:3:      layout_loops_corners, beargit_hepliaklqana_dungeon_heroes,
          serial_shops, nicolae_shop_window_shopping, st_stairs_5,
          bh_walls_and_bars
D:4:      corexii_shack_village, layout_rooms, minmay_temple_entry_proselytizer,
          serial_shops, shop, chequers_arboretum, hex_intersection
D:5:      layout_loops_ring, lemuel_doored_altar, serial_shops, shop_statue,
          st_stairs_8
D:6:      layout_basic, fedhas_altar_3, serial_shops, kennysheep_mini,
          enter_ossuary_4
D:7:      layout_loops_cross, kennysheep_little_box, uniq_duvessa, uniq_joseph,
          uniq_harold
D:8:      layout_layer_cave, nicolae_overflow_crystal_walls, lemuel_tele_altar,
          uniq_maurice
D:9:      layout_stronghold, dpeg_oklobed_lair, nicolae_transmutations_shop,
          uniq_prince_ribbit1
D:10:     layout_stronghold, hangedman_feature_mirror, nicolae_zen_rock_garden
D:11:     layout_loops_ring, erik_orc_1, gauntlet_entry_generic,
          ploomutoo_gammafunk_ghost_potion_laboratory
D:12:     nzn_winding_woodlands_stair_cross
          [nzn_winding_woodlands_5x15_sidewinder,
          nzn_winding_woodlands_center_lodge,
          nzn_winding_woodlands_5x15_crooked, nzn_winding_woodlands_5x5_cross,
          nzn_winding_woodlands_5x5_three, nzn_winding_woodlands_5x15_default,
          nzn_winding_woodlands_center_triple_pond,
          nzn_winding_woodlands_5x15_split_checker], layout_loops_ring,
          serial_shops, nicolae_shop_window_shopping, kennysheep_mini_moat,
          shop, shop, shop, uniq_azrael, uniq_psyche
D:13:     layout_big_octagon, portal_ice_cave_rime, serial_shops,
          nicolae_shop_behind_doors
D:14:     layout_basic, lightli_vaults_fourway_checkpoint,
          kennysheep_nondescript, grunt_gozag_breadcrumbs, uniq_louise
D:15:     grunt_enter_depths_snipers, layout_long_grid, nicolae_ru_path_of_blood
Temple:   kb_temple_of_zot
Lair:1:   layout_roguey, grunt_megastairs_5, uniq_erica
Lair:2:   layout_misc_corridors, uniq_gastronok, uniq_urug
Lair:3:   layout_gridlike, nicolae_spider_entry_non_spiders, forest_entry_grove,
          grunt_megastairs_3, serial_bayou_shore_b
Lair:4:   layout_long_grid, minmay_shoals_entry_hut, nzn_sisyphean_effort
Lair:5:   layout_gridlike, slime_dummy, serial_forest,
          infiniplex_forest_zigzag_1, infiniplex_forest_lined_room_,
          infiniplex_forest_zigzag_2, infiniplex_forest_lined_2,
          infiniplex_forest_clump_diagonal, infiniplex_forest_straight_2,
          infiniplex_forest_lined_3, infiniplex_forest_lined_3,
          infiniplex_forest_straight_3, infiniplex_forest_corner_2,
          minivault_27, uniq_snorg
Lair:6:   cheibrodos_lair_end_hotspot, layout_regular_city,
          infiniplex_staircase_pool_2
Shoals:1: argonaut_golden_fleece, layout_shoals, uniq_jorgrun, uniq_donald
Shoals:2: gammafunk_sealed_arena, layout_shoals
Shoals:3: layout_shoals, nicolae_alphabet_shops
Shoals:4: shoals_end_grunt_ice, layout_shoals, shoals_ilsuiw_alternative,
          uniq_aizul
Spider:1: layout_spider_delve, nicolae_spider_not_touching_you
Spider:2: layout_spider_delve, uniq_arachne
Spider:3: layout_spider_delve, uniq_roxanne
Spider:4: grunt_spider_rune_parallel, uniq_bai_suzhen
Orc:1:    layout_caves, uniq_nergalle
Orc:2:    pf_orc_diabolical, layout_caves
Elf:1:    minmay_elf_arrival_summoners, layout_onion_city, minmay_elf_necromancy
Elf:2:    layout_geoelf_diagonals, serial_shops,
          nicolae_shop_temple_entry_statues_fountains, drop_trap,
          statue_in_the_mist_lemuel, uniq_asterion
Elf:3:    minmay_elf_hall_quartered_circle, layout_gridlike,
          gammafunk_ghost_abyssal_escape, serial_shops, shop, uniq_nikola
Vaults:1: hangedman_vaults_impose, vaults_room_semicircle, vaults_dpeg_spiral,
          vaults_mumra_lcd, layout_vaults_omnigrid,
          nicolae_trove_entry_free_sample
Vaults:2: ebering_vaults_ghost_xom, dpeg_vaults_monster_box, v_misc_18,
          nicolae_vaults_specimen_jars, v_misc_3, nicolae_vaults_shelves_hall,
          ontoclasm_vaults_loading_screen, v_misc_31, nicolae_vaults_asterisk,
          st_more_cells, layout_vaults_ring, uniq_frederick
Vaults:3: v_misc_8, hangedman_vaults_locks, v_misc_11,
          minmay_crypt_entry_simple_corners, nicolae_vaults_ring_of_whatevers,
          nicolae_vaults_network_periphery, v_misc_24, nicolae_vaults_triangles,
          hangedman_vaults_stitches, ontoclasm_vaults_spin, v_misc_13,
          nicolae_vaults_little_squares_4, layout_vaults_big_cross,
          serial_shops, nicolae_shop_competitors_out_of_business
Vaults:4: hangedman_vaults_maws, v_misc_26, vaults_dpeg_doors,
          ontoclasm_vaults_twist, hangedman_vaults_stagger, vaults_dpeg_ring,
          nicolae_vaults_display_case, nicolae_vaults_diagonal_hallway_6,
          ontoclasm_vaults_loading_screen, vaults_room_semicircle,
          layout_vaults_chaotic_city
Vaults:5
Depths:1: layout_gridlike, grunt_mini_vestibule, serial_shops,
          nicolae_shop_crystal, kennysheep_small_circle, grunt_megastairs_1
Depths:2: evilmike_lava_path, layout_basic, minmay_misc_feat_tiny,
          grunt_hell_entry_dis_grunt, minmay_acid_items
Depths:3: nooodl_glass_maze, layout_twisted_cross,
          pdpol_wu_jian_five_deadly_venoms, hell_entry,
          grunt_pan_entry_in_and_out, serial_bayou_shore_a,
          serial_bayou_shore_b, minmay_shop_star
Depths:4: minmay_the_grid_square_5x5_4x4_mashed
          [minmay_the_grid_square_5x5_bite, minmay_the_grid_square_5x5_minibox,
          minmay_the_grid_square_5x5_broken_cross,
          minmay_the_grid_square_5x5_two_walls_a, minmay_the_grid_square_5x5_c,
          minmay_the_grid_square_5x5_prize_itemx,
          minmay_the_grid_square_5x5_prize_pseudospiral,
          minmay_the_grid_square_5x5_inverted_slash,
          minmay_the_grid_square_5x5_hourglass,
          minmay_the_grid_square_5x5_prize_snowflake,
          minmay_the_grid_square_5x5_prize_rear_guard,
          minmay_the_grid_square_5x5_intrusive_squares,
          minmay_the_grid_square_5x5_fat_x, minmay_the_grid_square_5x5_six,
          minmay_the_grid_square_5x5_meh, minmay_the_grid_square_5x5_forky],
          layout_honeycomb, enter_ziggurat_b, chequers_serial_rivers_micro_e,
          hell_entry, minmay_room_of_horrors, hangedman_decor_opposing
Depths:5: grunt_zot_entry_tricorne, layout_gridville, hell_entry,
          chequers_serial_rivers_large_a, minmay_shop_enchanted_jewellery,
          serial_bayou_lake_a, minmay_shoptagon
Zot:1:    kennysheep_bubbly, layout_gridlike
Zot:2:    layout_basic
Zot:3:    kennysheep_blocky_hall, layout_onion_interference,
          hangedman_zot_decor_scrapings
Zot:4:    layout_misc_corridors, grunt_megastairs_2, uniq_tiamat
Zot:5:    layout_cellular_growth

Skill      XL: |  1  2  3  4  5  6  7  8  9 10 11 12 13 14 15 16 17 18 19 20 21 22 23 24 25 26 27 |
---------------+----------------------------------------------------------------------------------+-----
Fighting       | 4 5 7 10 13 15 17 18 21 23 | 23.8
Shields        | 4 5 6 9 12 14 16 18 20 21 22 23 25 | 25.0
Maces & Flails | 3 5 7 10 13 14 15 16 17 20 | 20.0
Invocations    | 3 5 7 10 | 10.0
Throwing       | 2 4 6 10 14 15 16 18 20 | 20.0
Armour         | 6 10 11 15 | 15.0
Evocations     | 5 10 | 10.0
Spellcasting   | 5 10 | 10.0
Translocations | 5 10 | 10.0

Action                   |  1- 3 |  4- 6 |  7- 9 | 10-12 | 13-15 | 16-18 | 19-21 | 22-24 | 25-27 || total
-------------------------+-------+-------+-------+-------+-------+-------+-------+-------+-------++-------
Melee: Flail             |    70 |       |       |       |       |       |       |       |       ||    70
       Mace              |    87 |   190 |   414 |   483 |       |       |       |       |       ||  1174
       Eveningstar       |       |       |       |   218 |   990 |  1632 |  1828 |  1752 |  2719 ||  9139
Throw: Dart              |       |       |    26 |     1 |     3 |       |       |       |       ||    30
       Javelin           |       |       |       |       |    41 |     1 |     6 |   107 |    14 ||   169
       Throwing net      |       |       |       |       |       |       |       |     3 |       ||     3
Invok: Heroism           |       |       |     1 |     4 |     6 |     2 |     2 |     3 |     1 ||    19
       Finesse           |       |       |       |       |     3 |     1 |     2 |     4 |     3 ||    13
Evoke: Wand              |       |       |     1 |       |     2 |     1 |       |       |       ||     4
       Tin of tremorston |       |       |       |       |     1 |       |       |       |       ||     1
       Condenser vane    |       |       |       |       |       |       |       |     2 |       ||     2
       Phantom mirror    |       |       |       |       |       |       |       |     1 |       ||     1
  Use: Scroll            |       |     3 |     7 |    12 |     9 |     9 |     2 |     7 |    10 ||    59
       Potion            |       |       |       |       |       |     2 |     1 |     4 |     3 ||    10
 Stab: Sleeping          |       |       |       |     1 |       |       |       |       |       ||     1
       Confused          |       |       |       |       |     1 |       |       |     2 |       ||     3
Armor: Scale mail        |   101 |   100 |   162 |       |    57 |   342 |       |       |       ||   762
       Troll leather arm |       |       |    34 |   306 |   300 |       |       |       |       ||   640
       Plate armour      |       |       |       |       |       |  1347 |  1070 |   749 |  1233 ||  4399
Dodge: Dodged            |    70 |    71 |    99 |   230 |   288 |   679 |   418 |   257 |   416 ||  2528
Block: Kite shield       |   118 |   106 |   197 |   400 |   633 |  1592 |       |       |       ||  3046
       Tower shield      |       |       |       |       |       |   231 |  2495 |  2008 |  3456 ||  8190

Table legend: (Time is in decaauts)
 A = Elapsed time spent in this place.
 B = Non-inter-level travel time spent in this place.
 C = Inter-level travel time spent in this place.
 D = Time resting spent in this place.
 E = Time spent auto-exploring this place.
 F = Levels seen in this place.
 G = Mean time per level.
                   A        B        C        D        E       F      G
               +--------+--------+--------+--------+--------+-----+--------+
         Total |  54375 |  49718 |   4657 |   2954 |  33607 |  53 | 1025.9 |
       Dungeon |  17273 |  15106 |   2167 |   1254 |  10813 |  15 | 1151.5 |
        Temple |    121 |     76 |     45 |      0 |     69 |   1 |  121.0 |
          Lair |   5347 |   4741 |    606 |     42 |   3596 |   6 |  891.2 |
        Shoals |   3615 |   3428 |    187 |     10 |   2282 |   4 |  903.8 |
   Spider Nest |   3240 |   3085 |    155 |    305 |   1621 |   4 |  810.0 |
  Orcish Mines |   1472 |   1193 |    279 |     40 |    786 |   2 |  736.0 |
   Elven Halls |   3037 |   2859 |    178 |      0 |   2076 |   3 | 1012.3 |
        Vaults |   9058 |   8293 |    765 |    790 |   5210 |   5 | 1811.6 |
        Depths |   5646 |   5475 |    171 |     46 |   3829 |   5 | 1129.2 |
           Zot |   4486 |   4385 |    101 |    467 |   2887 |   5 |  897.2 |
       Ossuary |    236 |    236 |      0 |      0 |     78 |   1 |  236.0 |
      Ice Cave |    456 |    456 |      0 |      0 |    280 |   1 |  456.0 |
      Gauntlet |    384 |    384 |      0 |      0 |     78 |   1 |  384.0 |
               +--------+--------+--------+--------+--------+-----+--------+

Top non-repeatable levels by time:
Vaults:3: 2206 daAuts
Vaults:5: 1954 daAuts
Vaults:1: 1794 daAuts
     D:5: 1628 daAuts
Vaults:4: 1577 daAuts
   Zot:2: 1552 daAuts
   Zot:3: 1544 daAuts
Vaults:2: 1525 daAuts
    D:11: 1440 daAuts
    D:12: 1390 daAuts
    D:10: 1383 daAuts
    D:14: 1383 daAuts
Spider:4: 1367 daAuts
   Zot:1: 1338 daAuts
     D:3: 1320 daAuts
